 Dungeon Crawl Stone Soup version 0.19-a0-1049-g462a813 (webtiles) character file.

13974 4thArraOfDagon the Brawler (level 11, 0/94 HPs)
             Began as a Troll Abyssal Knight on July 31, 2016.
             Was a Priest of Lugonu.
             Slain by an entropy weaver (3 damage)
             ... on level 12 of the Dungeon.
             The game lasted 00:26:37 (4416 turns).

4thArraOfDagon the Brawler (Troll Abyssal Knight)   Turns: 4416, Time: 00:26:38

Health: 0/94       AC: -25   Str: 22    XL:     11   Next: 82%
Magic:  1/17       EV: 10    Int: 11    God:    Lugonu [***...]
Gold:   87         SH:  0    Dex:  9    Spells: 0 memorised, 10 levels left

rFire  x . .     SeeInvis .       - Unarmed
rCold  . . .     Gourm    +     a - +0 robe
rNeg   . . .     Faith    +     (no shield)
rPois  .         Spirit   .     o - +0 hat of Seutroga {rF- MR+ Slay+2}
rElec  .         Dismiss  .     g - +1 cloak
rCorr  .         Reflect  .     (gloves unavailable)
SustAt .         Harm     .     (boots unavailable)
MR     +....                    u - amulet of faith
Stlth  +.........               (no ring)
                                (no ring)

@: corroded, somewhat resistant to hostile enchantments, very unstealthy
A: unfitting armour, claws 3, fast metabolism 3, gourmand, regeneration 2,
shaggy fur 1, tough skin 2
a: Depart the Abyss, Bend Space, Banish, Renounce Religion


You were on level 12 of the Dungeon.
You worshipped Lugonu.
Lugonu was most pleased with you.
You were very full.

You visited 1 branch of the dungeon, and saw 14 of its levels.
You visited the Abyss 1 time.

You collected 542 gold pieces.
You spent 455 gold pieces at shops.

Inventory:

Hand Weapons
 h - a +0 giant spiked club
 w - the cursed +3 dagger of Haheqel {pierce, Int+3 SInv, unknown}
   (You found it on level 11 of the Dungeon)

   It inflicts extra damage upon your enemies.
   It affects your intelligence (+3).
   It lets you see invisible.
   It has a curse placed upon it.
Missiles
 r - 5 large rocks (quivered)
Armour
 a - a +0 robe (worn)
 g - a +1 cloak (worn)
 o - the +0 hat of Seutroga (worn) {rF- MR+ Slay+2}
   (You bought it in a shop on level 9 of the Dungeon)

   It affects your accuracy and damage with ranged weapons and melee attacks
   (+2).
   It makes you vulnerable to fire.
   It affects your resistance to hostile enchantments.
 q - the +2 robe of a labyrinth {rPois rCorr Slay-5 Stlth+}
   (You bought it in a shop on level 9 of the Dungeon)

   It affects your accuracy and damage with ranged weapons and melee attacks
   (-5).
   It protects you from poison.
   It protects you from acid and corrosion.
   It makes you more stealthy.
Jewellery
 l - an uncursed amulet of magic regeneration
 u - an amulet of faith (around neck)
 z - an uncursed ring of fire
 D - an uncursed ring of teleportation
Wands
 n - a wand of iceblast (2/15)
 p - a wand of iceblast (5/15)
 s - a wand of polymorph (11/24)
 t - a wand of paralysis (8/24)
 y - a wand of flame (21/48)
 B - a wand of acid (7/15)
Scrolls
 e - 2 scrolls of recharging
 f - 2 scrolls of random uselessness
 i - 2 scrolls of enchant armour {unknown}
 j - a scroll of torment {unknown}
 k - 2 scrolls of enchant weapon {unknown}
 A - a scroll of fog
 C - 2 scrolls of teleportation
 E - a scroll of noise {unknown}
Potions
 m - a potion of curing
 v - 2 potions of brilliance
 x - a potion of heal wounds {unknown}
Comestibles
 b - 3 bread rations
 c - 2 beef jerkies
 d - 2 meat rations


   Skills:
 - Level 2.4 Fighting
 - Level 1.9 Dodging
 * Level 15.3 Unarmed Combat
 - Level 10.0 Invocations


You had 10 spell levels left.
You didn't know any spells.

Dungeon Overview and Level Annotations

Branches:
Dungeon (14/15)            Temple (0/1) D:4            Lair (0/6) D:9
    Orc: D:9-12      Vaults: D:13-14

Altars:
Fedhas
Gozag
Nemelex Xobeh
Trog
Uskayaw
Xom
Zin

Shops:
D:9 [=[!

Annotations:
D:3 Terence
D:7 Joseph
D:12 ORCS


Innate Abilities, Weirdness & Mutations

You are too large for most types of armour.
You have claws for hands.
Your metabolism is lightning-fast.
You like to eat raw meat.
You heal very quickly.
You are covered in fur. (AC +1)
You have very tough skin. (AC +2)


Message History

The entropy weaver hits you. The entropy weaver hits you! x2
The entropy weaver hits you!
* * * LOW HITPOINT WARNING * * *
The entropy weaver hits you.
* * * LOW HITPOINT WARNING * * *
The entropy weaver hits you!
* * * LOW HITPOINT WARNING * * *
The entropy weaver hits you!
* * * LOW HITPOINT WARNING * * *
Unknown command.
Unknown command.
Unknown command.
Okay, then.
Unknown command.
The entropy weaver hits you.
* * * LOW HITPOINT WARNING * * *
The entropy weaver hits you.
* * * LOW HITPOINT WARNING * * *
The entropy weaver hits you.
You die...

#.......####..#######..
#..####...##)..##..#..#
#. ##..))))<.#....# #.#
##.)####......# ..#
##)# ###...##
#.#####.## ##....#
#..##...##
##..##..#######
#....#..###..##
#......oo
#..####.@a....#
##.#<.### ##.##
##.###...##.##..# #
###.## #.######### ####
#....# ##..## ##...##
##....# #...a###.....#
##.....#.....##
##..#...)....##
####.......#....#


You could see an entropy weaver.

Vanquished Creatures
  A deep elf mage (D:12)
  3 hill giants
  Maurice (D:13)
  A centaur skeleton (D:14)
  A gargoyle (D:10)
  A two-headed ogre (D:13)
  A small abomination (Abyss:1)
  A wyvern (D:13)
  A shadow (D:10)
  14 yaks
  A hippogriff (D:10)
  A warg (D:12)
  A soldier ant (D:12)
  7 orc warriors
  A wasp (D:10)
  3 sky beasts
  An eye of draining (D:12)
  A phantom (D:8)
  A necrophage (D:13)
  5 ogres
  5 centaurs
  4 giant frogs
  The ghost of Meriados the Ruffian, an amateur VSMo of Uskayaw (D:3)
  A wyvern zombie (D:11)
  A wyvern skeleton (D:12)
  A scorpion (D:9)
  3 killer bees (D:12)
  23 wights
  A howler monkey (D:9)
  4 crimson imps
  2 centaur zombies
  A giant frog zombie (D:7)
  6 orc priests
  4 hounds
  2 giant frog skeletons
  4 orc wizards
  An iguana (D:7)
  4 worker ants
  Robin (D:3)
  3 worker ant zombies
  3 adders
  7 gnolls
  A howler monkey skeleton (D:8)
  3 shadow imps
  An ooze (D:2)
  An adder zombie (D:8)
  2 dart slugs
  4 giant geckos
  34 orcs
  8 goblins (D:3)
  5 hobgoblins
  3 quokkas
  A bat (D:2)
  A giant newt (D:7)
  A kobold (D:3)
  A quokka zombie (D:8)
  A rat (D:2)
196 creatures vanquished.

Vanquished Creatures (others)
  An unseen horror (D:10)
  A wizard (D:14)
  A griffon (D:13)
  A manticore (D:12)
  2 cyclopes (D:11)
  7 ugly things
  A spriggan (D:8)
  A vampire (D:14)
  3 soldier ants (D:12)
  An orc warrior (D:10)
  A killer bee (D:12)
  A giant newt (D:3)
21 creatures vanquished.

Grand Total: 217 creatures vanquished

Notes
Turn   | Place    | Note
-------+----------+-------------------------------------------
     0 | Abyss:1  | 4thArraOfDagon the Troll Abyssal Knight began the quest for the Orb.
     0 | Abyss:1  | Reached XP level 1. HP: 22/22 MP: 1/1
    47 | Abyss:1  | Noticed a small abomination
    50 | Abyss:1  | Noticed an efreet
    51 | Abyss:1  | Killed a small abomination
    51 | Abyss:1  | Reached skill level 3 in Unarmed Combat
    51 | Abyss:1  | Reached XP level 2. HP: 29/29 MP: 2/2
    51 | Abyss:1  | Reached XP level 3. HP: 36/36 MP: 3/3
    66 | Abyss:1  | Noticed a small abomination
    76 | Abyss:1  | Noticed a chaos spawn
    80 | D:1      | Escaped the Abyss
   290 | D:2      | Reached * piety under Lugonu
   343 | D:3      | Found a glowing silver altar of Zin.
   360 | D:3      | Noticed Robin
   412 | D:3      | Reached XP level 4. HP: 22/44 MP: 4/4
   418 | D:3      | Killed Robin
   448 | D:3      | Noticed Meriados's ghost (amateur VSMo)
   458 | D:3      | Killed Meriados's ghost
   458 | D:3      | Reached skill level 4 in Unarmed Combat
   458 | D:3      | Reached XP level 5. HP: 39/50 MP: 4/6
   468 | D:3      | Noticed Terence
   482 | D:4      | Found a staircase to the Ecumenical Temple.
   528 | D:4      | Found a shimmering altar of Xom.
   548 | D:4      | Reached skill level 5 in Unarmed Combat
   569 | D:4      | You fall through a shaft for 2 floors!
   569 | D:6      | Noticed an orc warrior
   580 | D:6      | Killed an orc warrior
   580 | D:6      | Reached XP level 6. HP: 37/59 MP: 7/7
   598 | D:6      | Reached skill level 6 in Unarmed Combat
   605 | D:6      | Reached ** piety under Lugonu
   638 | D:6      | hardcore gaming
   651 | D:6      | Reached XP level 7. HP: 31/66 MP: 7/9
   694 | D:5      | Entered Level 5 of the Dungeon
   792 | D:7      | Reached skill level 7 in Unarmed Combat
   956 | D:8      | Reached skill level 5 in Invocations
   956 | D:8      | Reached XP level 8. HP: 50/74 MP: 10/10
   960 | D:8      | Reached skill level 8 in Unarmed Combat
  1032 | D:7      | Noticed Joseph
  1261 | D:8      | Reached skill level 9 in Unarmed Combat
  1299 | D:9      | Found a bloodstained altar of Trog.
  1324 | D:8      | Found a hide-covered altar of Uskayaw.
  1324 | D:8      | Found a sparkling altar of Nemelex Xobeh.
  1325 | D:8      | Found a blossoming altar of Fedhas.
  1390 | D:8      | Reached *** piety under Lugonu
  1490 | D:9      | Found a staircase to the Lair.
  1625 | D:9      | Found Ohaig's Antique Armour Emporium.
  1645 | D:9      | Found Nijuer's Armour Boutique.
  1680 | D:9      | Bought an encrusted hat for 279 gold pieces
  1686 | D:9      | Identified the cursed +0 hat of Seutroga {rF- MR+ Slay+2} (You bought it in a shop on level 9 of the Dungeon)
  1703 | D:9      | Found Keynus's Distillery.
  1704 | D:9      | Found Ucor's Jewellery Shop.
  1720 | D:9      | Reached skill level 10 in Unarmed Combat
  1720 | D:9      | Reached XP level 9. HP: 80/80 MP: 12/12
  1794 | D:9      | Found an opulent altar of Gozag.
  1953 | D:10     | Entered Level 10 of the Dungeon
  1989 | D:10     | Noticed a gargoyle
  1993 | D:10     | Killed a gargoyle
  1993 | D:10     | Reached skill level 11 in Unarmed Combat
  2042 | D:10     | Reached **** piety under Lugonu
  2098 | D:10     | Noticed a hill giant
  2111 | D:10     | Killed a hill giant
  2206 | D:10     | Noticed a hill giant
  2228 | D:10     | Killed a hill giant
  2228 | D:10     | Reached skill level 12 in Unarmed Combat
  2228 | D:10     | Reached XP level 10. HP: 64/88 MP: 14/14
  2461 | D:11     | Noticed a cyclops
  2599 | D:11     | Got a sapphire dagger
  2616 | D:11     | Reached ***** piety under Lugonu
  2629 | D:11     | Noticed a cyclops
  2630 | D:11     | Banished a cyclops
  2673 | D:12     | Noticed a deep elf mage
  2682 | D:11     | Banished a cyclops
  2888 | D:10     | Reached skill level 13 in Unarmed Combat
  3035 | D:13     | Noticed a hill giant
  3048 | D:13     | Killed a hill giant
  3086 | D:14     | Noticed a brown ugly thing
  3086 | D:14     | Noticed a brown ugly thing
  3086 | D:14     | Noticed a brown ugly thing
  3087 | D:14     | Banished a brown ugly thing
  3088 | D:14     | Noticed a brown ugly thing
  3088 | D:14     | Banished a red ugly thing
  3092 | D:14     | Noticed a brown ugly thing
  3113 | D:13     | Noticed a griffon
  3114 | D:13     | Noticed a cyan ugly thing
  3148 | D:13     | Banished a cyan ugly thing
  3154 | D:13     | Banished a griffon
  3154 | D:13     | Reached XP level 11. HP: 36/94 MP: 4/16
  3259 | D:14     | Banished a brown ugly thing
  3263 | D:14     | Banished a brown ugly thing
  3266 | D:14     | Banished a purple ugly thing
  3293 | D:14     | Reached skill level 14 in Unarmed Combat
  3480 | D:14     | Noticed a wizard
  3481 | D:14     | Banished a wizard
  3502 | D:14     | Noticed a green ugly thing
  3505 | D:14     | Banished a green ugly thing
  3531 | D:13     | Noticed Maurice
  3543 | D:13     | Killed Maurice
  3711 | D:12     | Noticed a green ugly thing
  3712 | D:12     | Banished a green ugly thing
  3800 | D:10     | Banished an unseen horror
  3888 | D:9      | Bought a fabulously ornate robe for 176 gold pieces
  3898 | D:9      | Identified the +2 robe of a labyrinth {rPois rCorr Slay-5 Stlth+} (You bought it in a shop on level 9 of the Dungeon)
  3898 | D:9      | NO
  4217 | D:12     | Reached skill level 10 in Invocations
  4276 | D:12     | Reached skill level 15 in Unarmed Combat
  4320 | D:12     | Killed a deep elf mage
  4358 | D:12     | Noticed an entropy weaver
  4416 | D:12     | HP: 3/94 [entropy weaver (4)]
  4416 | D:12     | Slain by an entropy weaver

Vault maps used:
D:1:      eino_arrival_druids_welcome
D:2:      first_bread, uniq_natasha
D:3:      overflow_temple_1_default, uniq_sigmund, uniq_robin, uniq_grinder,
          uniq_jessica, uniq_terence
D:4:      lemuel_coloured_pillars_altar, lemuel_crystal_altar,
          nicolae_overflow_hidden_temple, led_xom_imps, grunt_ministairs_5,
          minmay_bisected
D:5:      eino_tiny_chamber
D:6:      uniq_edmund
D:7:      uniq_joseph
D:8:      gammafunk_temple_overflow_claw, the_bakery, serial_bayou_pond_b
D:9:      kennysheep_mini_moat, david_lair_shrubbed, serial_shops, shop, shop,
          shop, shop, shop_coins, grunt_gozag_statues
D:10:     abandoned_shop, minmay_misc_feat_room
D:11:     basic_altar
D:12:     erik_orc_3, serial_shops, kennysheep_little_box, zaba_antful_of_joy,
          uniq_sonja
D:13:     serial_glass, glass_columns_c, glass_columns_a, glass_columns_a,
          glass_columns_b, glass_columns_c, glass_columns_a, glass_columns_a,
          glass_columns_c, glass_columns_a, glass_columns_a, uniq_maurice
D:14:     minmay_expanding_squares, grunt_vaults_entry_tiered, minivault_24

Skill      XL: |  1  2  3  4  5  6  7  8  9 10 11 |
---------------+----------------------------------+-----
Unarmed Combat | 3 4 5 6 7 10 12 13 15 | 15.3
Invocations    | 2 3 4 5 6 7 9 10 | 10.0
Fighting       | |  2.4
Dodging        | |  1.9

Action                   |  1- 3 |  4- 6 |  7- 9 | 10-12 || total
-------------------------+-------+-------+-------+-------++-------
Melee: Unarmed           |    64 |    53 |   272 |   274 ||   663
       Punch             |     2 |       |     8 |    13 ||    23
Throw: Large rock        |       |       |     6 |     5 ||    11
Invok: Depart the Abyss  |     1 |       |       |       ||     1
       Banish            |       |       |     1 |    28 ||    29
Evoke: Wand              |       |       |     5 |     3 ||     8
  Use: Potion            |     2 |     1 |     1 |     2 ||     6
       Scroll            |       |     3 |     4 |     6 ||    13
  Eat: Chunk             |     6 |     3 |    15 |    27 ||    51
       Fruit             |       |       |     1 |       ||     1
       Beef jerky        |       |       |     1 |       ||     1
       Pizza             |       |       |       |     1 ||     1
Armor: Robe              |    20 |    13 |    50 |    51 ||   134
       Skin              |       |    38 |       |       ||    38
Dodge: Dodged            |    36 |    15 |   103 |    86 ||   240
